AoeStats
← Gas

Arena

516886291Analyzed
3v3 RM · 19d ago on Oct 28, 2026· 52m 39s· 6 players
Game mode
Random Map
Map size
Normal (6 player)
Population
200
Speed
Normal
Resources
Standard
Victory
Conquest
Starting age
Dark Age
Ending age
Imperial Age
RankedLock teamsTeams togetherTeam positionsShared explorationLock speedFull tech treeHidden civsTurbo modeCheats
Victory
Defeat
🇦🇷 Vikings · Argentina
1000
+38
🇷🇺 Cumans · Russia
974
+13
🇦🇷 Celts · Argentina
961
+14
vs
🇲🇽 Persians · Mexico
936
-14
🇲🇽 Gurjaras · Mexico
918
-13
🇲🇽 Lithuanians · Mexico
897
-12
Erickinio
4:46 Loom
10:39 Feudal Age
11:29 Double-Bit Axe
12:04 Man-at-Arms
13:03 Forging
15:05 Arson
17:14 Scale Mail Armor
19:18 Fletching
26:52 Castle Age
25:37 Horse Collar
26:57 Pikeman
27:22 Gambesons
28:31 Bow Saw
29:01 Wheelbarrow
33:17 Gold Mining
33:17 Stone Mining
35:18 Hand Cart
35:11 Town Watch
35:37 Heavy Plow
36:25 Stone Shaft Mining
36:21 Murder Holes
36:51 Town Patrol
37:44 Elite Skirmisher
39:21 Iron Casting
39:02 Chain Mail Armor
39:28 Masonry
39:39 Ballistics
40:05 Stronghold
41:39 Gold Shaft Mining
44:58 Imperial Age
43:58 Bodkin Arrow
44:05 Padded Archer Armor
44:17 Fortified Wall
45:05 Heavy Scorpion
45:11 Onager
46:23 Conscription
47:20 Siege Engineers
48:16 Chemistry
47:00 Halberdier
48:09 Caravan
50:09 Furor Celtica
50:55 Plate Mail Armor
51:53 Siege Onager
Gas
5:16 Loom
9:18 Feudal Age
10:05 Double-Bit Axe
10:04 Horse Collar
20:57 Castle Age
19:54 Scale Barding Armor
19:58 Town Watch
20:44 Bloodlines
22:30 Bow Saw
25:01 Wheelbarrow
26:54 Chain Barding Armor
28:04 Stone Mining
28:44 Forging
34:16 Imperial Age
32:44 Heavy Plow
33:23 Iron Casting
33:59 Hand Cart
35:58 Blast Furnace
35:34 Plate Barding Armor
34:49 Elite Steppe Lancer
37:42 Conscription
37:05 Capped Ram
38:03 Scale Mail Armor
37:53 Fletching
39:13 Chain Mail Armor
38:58 Padded Archer Armor
40:31 Squires
40:08 Man-at-Arms
40:36 Arson
42:12 Light Cavalry
42:12 Cavalier
43:07 Long Swordsman
43:10 Pikeman
44:32 Crop Rotation
44:00 Halberdier
45:35 Hussar
47:06 Paladin
48:34 Plate Mail Armor
47:59 Bodkin Arrow
47:33 Two-Handed Swordsman
48:08 Siege Ram
51:53 Chemistry
51:14 Ballistics
50:51 Murder Holes
51:32 Cuman Mercenaries
Gianceto01
12:49 Feudal Age
14:03 Loom
21:39 Forging
21:29 Scale Mail Armor
32:05 Castle Age
33:47 Horse Collar
36:47 Heavy Plow
37:00 Double-Bit Axe
37:12 Gold Mining
46:38 Iron Casting
46:18 Chain Mail Armor
49:44 Fletching
jamesonana
10:14 Feudal Age
12:05 Loom
15:40 Castle Age
13:58 Double-Bit Axe
20:08 Bow Saw
21:26 Scale Barding Armor
22:31 Chain Barding Armor
22:27 Bloodlines
43:25 Forging
miguel.athien
9:53 Feudal Age
11:12 Double-Bit Axe
13:43 Scale Barding Armor
19:32 Castle Age
19:49 Wheelbarrow
18:44 Man-at-Arms
19:33 Long Swordsman
21:49 Stone Mining
23:47 Hand Cart
24:46 Loom
24:46 Town Watch
28:33 Forging
30:22 Kamandaran
31:17 Bow Saw
31:49 Crossbowman
34:35 Padded Archer Armor
34:25 Fletching
35:02 Gold Mining
35:51 Stone Shaft Mining
37:23 Gold Shaft Mining
37:32 Chain Barding Armor
47:02 Imperial Age
45:09 Ballistics
46:56 Elite War Elephant
48:52 Light Cavalry
51:35 Plate Barding Armor
51:01 Scale Mail Armor
51:37 Iron Casting
52:07 Hussar
HABS
4:33 Loom
12:34 Feudal Age
15:05 Gold Mining
16:57 Double-Bit Axe
17:39 Stone Mining
20:33 Castle Age
19:03 Man-at-Arms
21:45 Long Swordsman
24:09 Bloodlines
24:02 Husbandry
33:59 Imperial Age
34:17 Bow Saw
33:53 Horse Collar
34:02 Heavy Camel Rider
36:27 Conscription
37:47 Elite Chakram Thrower
44:11 Scale Barding Armor
44:16 Forging
45:39 Ballistics
46:20 Chemistry
48:03 Chain Barding Armor
51:23 Heavy Plow
Connection lost

Rejoining the realm…

Still unreachable

The connection could not be restored.

Session expired

The server has moved on; the page needs a fresh start.